 Dungeon Crawl Stone Soup version 0.30-a0-1103-g25895a7845 (webtiles) character file.

Game seed: 4942698746357407069

5352 jasper the Grappler (level 10, 0/102 HPs)
             Began as a Troll Cinder Acolyte on Apr 18, 2023.
             Was an Elder of Ignis.
             Slain by a two-headed ogre
             ... wielding a +0 giant spiked club
              (33 damage)
             ... on level 9 of the Dungeon.
             The game lasted 00:06:34 (4239 turns).

jasper the Grappler (Troll Cinder Acolyte)          Turns: 4239, Time: 00:06:35

Health: 0/102      AC:  5    Str: 30    XL:     10   Next: 38%
Magic:  19/19      EV:  9    Int: 14    God:    Ignis [****..]
Gold:   163        SH:  0    Dex:  5    Spells: 11/11 levels left

rFire   + . .      SeeInvis .      - Unarmed
rCold   . . .      Faith    .    (no shield)
rNeg    . . .      Spirit   .    a - +0 robe
rPois   .          Reflect  .    (helmet restricted)
rElec   .          Rampage  .    e - +0 cloak
rCorr   .                        (gloves unavailable)
Will    .....                    (boots unavailable)
Stlth   +                        (no amulet)
HPRegen 1.17/turn                c - +6 ring of strength
MPRegen 0.16/turn                h - ring of magical power

@: no status effects
A: large, unfitting armour, claws 3, regeneration 1, shaggy fur 1, tough skin 1
a: Renounce Religion, Fiery Armour, Foxfire Swarm, Rising Flame


You were on level 9 of the Dungeon.
You worshipped Ignis.
Ignis was greatly pleased with you.
You visited 1 branch of the dungeon, and saw 9 of its levels.
You also visited: Sewer.

You collected 163 gold pieces.

Inventory:

Hand Weapons
 t - a +0 giant spiked club
Missiles
 d - 4 boomerangs
 o - 2 curare-tipped darts
 q - 11 poisoned darts (quivered)
Armour
 a - a +0 robe (worn)
 e - a +0 cloak (worn)
Jewellery
 c - a +6 ring of strength (left claw)
 h - a ring of magical power (right claw)
 y - a ring of protection from fire
Wands
 k - a wand of charming (8)
Scrolls
 b - 2 scrolls of identify
 f - a scroll of fear
 n - 2 scrolls of teleportation
 p - a scroll of blinking
 s - a scroll of enchant weapon
 w - a scroll of butterflies
Potions
 g - 5 potions of haste
 i - a potion of berserk rage
 j - a potion of mutation {unknown}
 l - a potion of heal wounds
 m - a potion of might {unknown}
 r - a potion of degeneration {unknown}
 u - a potion of brilliance
 v - a potion of ambrosia {unknown}
 x - a potion of curing {unknown}


   Skills:
 + Level 7.4 Fighting
 - Level 5.0 Throwing
 + Level 6.9 Armour
 + Level 9.0 Unarmed Combat
 - Level 1.0 Spellcasting
 - Level 2.1 Fire Magic


You had 11 spell levels left.
You didn't know any spells.
Your spell library contained the following spells:

 Spells                   Type           Power      Damage    Failure   Level
 Scorch                   Fire           12%        2d5       16%         2
 Slow                     Hex            0%         N/A       26%         1
 Ensorcelled Hibernation  Hex/Ice        0%         N/A       36%         2
 Confusing Touch          Hex            0%         N/A       61%         3
 Spider Form              Tmut/Pois      0%         N/A       61%         3
 Vampiric Draining        Necr           0%         2d6       61%         3
 Anguish                  Hex/Necr       0%         N/A       95%         4


Dungeon Overview and Level Annotations

Branches:
Dungeon (9/15)              Sewer (visited)
 Temple: D:4-7         Lair: D:8-11         Orc: D:9-12

Altars:
Ashenzari
Cheibriados
Dithmenos

Shops:
D:7 :


Innate Abilities, Weirdness & Mutations

You are too large for most types of armour.
You have claws for hands.
Your natural rate of healing is unusually fast.
You are covered in fur. (AC +1)
You have tough skin. (AC +1)


Message History

b - 2 scrolls of identify (gained 1)
You now have 163 gold pieces (gained 14).
A two-headed ogre comes into view.
It is wielding a +0 giant spiked club and a +0 giant club.
Found a gnarled runed staff.
The two-headed ogre shouts in stereo!
A two-headed ogre is nearby!
Throw: 14 darts (poison)
Press: ? - help, Q - select action, (/) - cycle Shift-Dir - straight line, f - two-headed ogre
Aim: a two-headed ogre, wielding a +0 giant spiked club and a +0 giant club (73% to hit)
You throw a poisoned dart.
The poisoned dart hits the two-headed ogre.
Throw: 13 darts (poison)
Press: ? - help, Q - select action, (/) - cycle Shift-Dir - straight line, f/p - two-headed ogre
Aim: a two-headed ogre, wielding a +0 giant spiked club and a +0 giant club (73% to hit)
You throw a poisoned dart.
The poisoned dart hits the two-headed ogre.
The two-headed ogre is poisoned.
Throw: 12 darts (poison)
Press: ? - help, Q - select action, (/) - cycle Shift-Dir - straight line, f/p - two-headed ogre
Aim: a two-headed ogre, wielding a +0 giant spiked club and a +0 giant club (lightly wounded, poisoned, 73% to hit)
You throw a poisoned dart.
The poisoned dart barely misses the two-headed ogre.
You mangle the two-headed ogre!!
The two-headed ogre is heavily wounded.
You mangle the two-headed ogre!!
The two-headed ogre is almost dead.
The two-headed ogre hits you with a +0 giant spiked club!!
The two-headed ogre hits you with a +0 giant club!!
You take 52 damage, and have 50/102 hp.
MASSIVE DAMAGE!!
You barely miss the two-headed ogre.
The two-headed ogre is almost dead.
The two-headed ogre barely misses you.
The two-headed ogre hits you with a +0 giant club!!
You take 19 damage, and have 31/102 hp.
You scratch the two-headed ogre but do no damage.
The two-headed ogre is almost dead.
You scratch the two-headed ogre but do no damage.
The two-headed ogre is almost dead.
The two-headed ogre hits you with a +0 giant spiked club!!
You die...

##### #...#
#####...### #.#
.........###
#.##.##......((.
#.##.# ......|
#)##.# #..O#
#.##.# #.@.#
#.##.# ##.##
##.##.# #.##
#.##..##.#####..#
#...............#
####.##...#####.#
#. #.#..#..# #.#
#. ....###.####.#
#.## .....
#.......# ..#


You could see a two-headed ogre (poisoned).

Vanquished Creatures
  2 two-headed ogres
  A gargoyle (D:8)
  A shadow (D:9)
  11 yaks
  3 vampire mosquitoes (D:8)
  2 orc warriors
  An ice beast (D:7)
  A sky beast (D:8)
  An ogre (D:5)
  2 centaurs (D:7)
  4 kobold brigands
  3 bullfrogs
  A scorpion (D:5)
  3 hounds
  A jelly (D:5)
  3 orc priests
  An iguana (D:6)
  3 orc wizards
  2 sleepcaps
  8 adders
  4 river rats (Sewer)
  An ufetubus (D:7)
  A dart slug (D:4)
  20 orcs
  4 endoplasms
  2 giant cockroaches (D:5)
  A goblin (D:1)
  A hobgoblin (D:4)
  3 jackals (Sewer)
  A quokka (D:1)
  3 ball pythons
  A bat (D:3)
  5 frilled lizards
  17 kobolds
  4 rats
122 creatures vanquished.

Vanquished Creatures (others)
  An orc warrior (D:7)
  3 plants (Sewer)
4 creatures vanquished.

Grand Total: 126 creatures vanquished

Notes
Turn   | Place    | Note
-------+----------+-------------------------------------------
     0 | D:1      | jasper the Troll Cinder Acolyte began the quest for the
                  | Orb.
     0 | D:1      | Reached XP level 1. HP: 22/22 MP: 1/1
    63 | D:1      | Reached XP level 2. HP: 22/29 MP: 2/2
    86 | D:3      | Found the +18 Lear's hauberk
   232 | D:5      | Entered Level 5 of the Dungeon
   257 | D:5      | Reached skill level 1 in Armour
   257 | D:5      | Reached XP level 3. HP: 24/36 MP: 3/3
   272 | D:5      | Reached XP level 4. HP: 37/45 MP: 4/4
   448 | D:5      | Noticed an ogre
   457 | D:5      | Killed an ogre
   458 | D:5      | Reached skill level 4 in Unarmed Combat
   458 | D:5      | Reached XP level 5. HP: 27/53 MP: 5/5
   531 | D:5      | Found a glowing drain.
   678 | Sewer    | Entered a sewer
   723 | Sewer    | Reached XP level 6. HP: 57/62 MP: 6/6
   927 | Sewer    | Reached skill level 5 in Unarmed Combat
  1345 | D:5      | Reached XP level 7. HP: 70/70 MP: 7/7
  1660 | D:7      | Reached skill level 1 in Throwing
  1834 | D:7      | Reached skill level 6 in Unarmed Combat
  1834 | D:7      | Reached XP level 8. HP: 79/79 MP: 8/8
  1918 | D:7      | Found Urealoc's Book Shop.
  2024 | D:7      | Reached skill level 5 in Fighting
  2100 | D:7      | Found a broken altar of Ashenzari.
  2220 | D:8      | Found a snail-covered altar of Cheibriados.
  2779 | D:8      | Reached skill level 5 in Armour
  2779 | D:8      | Reached skill level 7 in Unarmed Combat
  2779 | D:8      | Reached XP level 9. HP: 62/89 MP: 9/9
  2804 | D:8      | Identified the +0 ring mail of Ahor {rF+ Dex+7}
  2976 | D:8      | Noticed a two-headed ogre
  2987 | D:8      | Killed a two-headed ogre
  3025 | D:8      | Reached skill level 5 in Throwing
  3070 | D:8      | Reached skill level 8 in Unarmed Combat
  3259 | D:8      | Noticed a gargoyle
  3270 | D:8      | Killed a gargoyle
  3271 | D:8      | Reached XP level 10. HP: 56/100 MP: 10/10
  3990 | D:9      | Noticed a two-headed ogre
  4004 | D:9      | Killed a two-headed ogre
  4071 | D:9      | Reached skill level 9 in Unarmed Combat
  4193 | D:9      | Found a shadowy altar of Dithmenos.
  4231 | D:9      | Noticed a two-headed ogre
  4239 | D:9      | Slain by a two-headed ogre

Illustrated notes

Levels and vault maps discovered:
D:1:      ncdulo_watergridlock, layout_basic, minmay_quantized
D:2:      kennysheep_six_static_rooms, layout_rooms, serial_shops,
          nicolae_shop_just_a_little_nook, kennysheep_big_empty_room
D:3:      layout_basic, pdpol_wu_jian_five_deadly_venoms,
          shapermc_ecumenical_altar_mp_vishouse, mrwooster_statue_mirror,
          uniq_natasha
D:4:      layout_loops_cross, serial_glass, glass_columns_c, glass_columns_a
D:5:      minmay_evil_eye, layout_basic, gup_sewer_entry_glass, uniq_ijyb
D:6:      layout_basic, minmay_temple_entry_trees, uniq_sigmund
D:7:      layout_gridville, cheibrodos_ashenzari_chains, serial_shops,
          nicolae_book_shop_shelving, uniq_crazy_yiuf_cottage
D:8:      layout_layer_cave, old_standard_altar, minmay_small_thing
D:9:      cheibrodos_barr_body, layout_loops_ring, kennysheep_mini_moat,
          laboratory, uniq_pikel

Skill      XL: |  1  2  3  4  5  6  7  8  9 10 |
---------------+-------------------------------+-----
Armour         | 1 2 3 4 5 6 |  6.9
Fighting       | 3 4 5 6 7 |  7.4
Unarmed Combat | 4 5 6 7 8 9 |  9.0
Throwing       | 1 3 5 |  5.0
Spellcasting   | |  1.0
Fire Magic     | |  2.1

Action                     |  1- 3 |  4- 6 |  7- 9 | 10-12 || total
---------------------------+-------+-------+-------+-------++-------
  Melee: Unarmed           |    55 |   100 |   202 |    45 ||   402
         Punch             |       |       |    12 |     2 ||    14
  Throw: Dart              |       |       |    10 |    10 ||    20
         Boomerang         |       |       |     1 |       ||     1
 Invoke: Fiery Armour      |       |     1 |     4 |       ||     5
    Use: Scroll            |       |     9 |     3 |       ||    12
         Potion            |       |       |     1 |       ||     1
 Armour: Robe              |    17 |    41 |    98 |     2 ||   158
  Dodge: Dodged            |    24 |    40 |    95 |     6 ||   165

Table legend: (Time is in decaauts)
 A = Elapsed time spent in this place.
 B = Non-inter-level travel time spent in this place.
 C = Inter-level travel time spent in this place.
 D = Time resting spent in this place.
 E = Time spent auto-exploring this place.
 F = Levels seen in this place.
 G = Mean time per level.
                   A        B        C        D        E       F      G
               +--------+--------+--------+--------+--------+-----+--------+
         Total |   4186 |   4053 |    133 |     40 |   3056 |  10 |  418.6 |
       Dungeon |   3604 |   3471 |    133 |     40 |   2640 |   9 |  400.4 |
         Sewer |    582 |    582 |      0 |      0 |    416 |   1 |  582.0 |
               +--------+--------+--------+--------+--------+-----+--------+

Top non-repeatable levels by time:
     D:8: 1609 daAuts
     D:7: 583 daAuts
   Sewer: 582 daAuts
     D:5: 576 daAuts
     D:9: 436 daAuts
     D:6: 170 daAuts
     D:4: 87 daAuts
     D:1: 68 daAuts
     D:3: 57 daAuts
     D:2: 16 daAuts
